 Dungeon Crawl Stone Soup version 0.19.0 (webtiles) character file.

4443 PurpleRed the Cleaver (level 10, 0/94 HPs)
             Began as a Minotaur Fighter on Nov 5, 2016.
             Was a Follower of Makhleb.
             Slain by a troll (8 damage)
             ... on level 9 of the Dungeon.
             The game lasted 00:08:14 (5822 turns).

PurpleRed the Cleaver (Minotaur Fighter)            Turns: 5822, Time: 00:08:15

Health: 0/94       AC: 12    Str: 24    XL:     10   Next: 15%
Magic:  9/9        EV:  8    Int:  3    God:    Makhleb [*.....]
Gold:   476        SH:  0    Dex: 10    Spells: 0 memorised, 9 levels left

rFire  . . .     SeeInvis .     c - +1 battleaxe (vamp)
rCold  . . .     Gourm    .     s - +1 chain mail
rNeg   . . .     Faith    .     (shield currently unavailable)
rPois  .         Spirit   .     (helmet restricted)
rElec  .         Reflect  .     A - +0 cloak
rCorr  .         Harm     .     (no gloves)
MR     .....                    (no boots)
Stlth  ..........               y - amulet of rage
                                (no ring)
                                n - -2 ring of intelligence (curse)

@: lethally poisoned (0 -> 0)
A: retaliatory headbutt, horns 2
a: Renounce Religion, Evoke Berserk Rage


You were on level 9 of the Dungeon.
You worshipped Makhleb.
Makhleb was aware of your devotion.
You were hungry.

You visited 2 branches of the dungeon, and saw 10 of its levels.

You collected 541 gold pieces.
You spent 65 gold pieces at shops.

Inventory:

Hand Weapons
 a - a +0 war axe
 c - a +1 vampiric battleaxe (weapon)
Armour
 b - a +0 scale mail
 p - the +6 scale mail "Fenoga" {-Tele rElec MR+++ Int-3}
   (You found it on level 7 of the Dungeon)

   It affects your intelligence (-3).
   It insulates you from electricity.
   It affects your resistance to hostile enchantments.
   It prevents most forms of teleportation.
 s - a +1 chain mail (worn)
 A - a +0 cloak (worn)
Jewellery
 n - a cursed -2 ring of intelligence (left hand)
 y - an amulet of rage (around neck)
 E - an uncursed ring of magical power {unknown}
Wands
 u - a wand of paralysis (0/24)
 x - a wand of flame (30/48)
Scrolls
 h - 2 scrolls of teleportation
 i - 2 scrolls of enchant armour
 l - 2 scrolls of identify
 w - a scroll of silence
Potions
 d - 2 potions of might
 e - a potion of lignification
 g - a potion of cancellation
 k - 2 potions of berserk rage
 m - 2 potions of curing
 r - 2 potions of agility
 t - a potion of beneficial mutation {unknown}
 v - a potion of flight
 z - a potion of invisibility {unknown}
 B - a potion of magic {unknown}
 D - 2 potions of resistance {unknown}
 F - a potion of ambrosia {unknown}
Comestibles
 f - 7 bread rations
 j - a meat ration
 o - 10 fruits
 q - 2 beef jerkies
 C - 7 slices of pizza


   Skills:
 + Level 10.5 Fighting
 * Level 13.8 Axes
 + Level 4.9 Armour
   Level 3.6 Shields


You had 9 spell levels left.
You didn't know any spells.

Dungeon Overview and Level Annotations

Branches:
Dungeon (9/15)             Temple (1/1) D:7
   Lair: D:8-11         Orc: D:9-12

Altars:
Ashenzari
Cheibriados
Dithmenos
Elyvilon
Fedhas
Gozag
Hepliaklqana
Kikubaaqudgha
Makhleb
Okawaru
Qazlal
Ru
Sif Muna
Trog
Uskayaw
Vehumet
Xom
Yredelemnul
Zin
The Shining One

Shops:
D:4 *


Innate Abilities, Weirdness & Mutations

You reflexively headbutt those who attack you in melee.
You have a pair of horns on your head.


Message History

Unknown command.
You barely miss the troll.
The troll is heavily wounded.
You slash the necrophage! The troll bites you! The troll claws you!
* * * LOW HITPOINT WARNING * * *
The troll barely misses you.
The necrophage hits you but does no damage.
You closely miss the troll. You headbutt the troll!
The troll is severely wounded.
You barely miss the necrophage.
You feel sick. The troll bites you.
* * * LOW HITPOINT WARNING * * *
The troll claws you!
* * * LOW HITPOINT WARNING * * *
The troll completely misses you.
The necrophage hits you but does no damage.
You feel sick.
You feel sick. The troll barely misses you. You furiously retaliate!
You headbutt the troll! The troll claws you!
You die...

...##....................# #####
.####.#..#######.........####....
#8..........(....................
.#......########.........####....
..##.##.# #.................
..##>##.## #####.........####....
..#..##..###.............# ###..
.##.####..##.............. ##.#
#...#####.......@.......#.####..#
...........#...T##...............
.....#####.....n#########...##.##
....## ####.....## ###......#
##### #####..#####...####.# #
##.......### .# # ###...##### ..
. #######†...## ## .#
#........#...#


You could see a troll and a necrophage.

Vanquished Creatures
  Pikel (D:8)
  Prince Ribbit (D:8)
  A hippogriff (D:9)
  4 hogs (D:9)
  A hungry ghost (D:9)
  A human (D:9)
  Grum (D:9)
  A water moccasin (D:7)
  2 sky beasts
  An ice beast (D:9)
  An orc warrior (D:7)
  A slave (D:8)
  2 ogres
  3 wolves (D:9)
  A centaur (D:6)
  4 bullfrogs
  A gnoll sergeant (D:8)
  A wyvern skeleton (D:8)
  A scorpion (D:8)
  A water moccasin skeleton (D:5)
  7 wights (D:6)
  3 howler monkeys (D:8)
  3 crimson imps
  2 bullfrog zombies
  A hound (D:6)
  A bullfrog skeleton (D:5)
  Crazy Yiuf (D:5)
  2 orc priests
  2 orc wizards (D:7)
  3 iguanas
  8 worker ants
  5 gnolls (D:8)
  9 adders
  2 shadow imps (D:6)
  An adder zombie (D:6)
  2 worms (D:3)
  2 dart slugs (D:3)
  A leopard gecko (D:5)
  20 orcs
  4 bats
  9 giant cockroaches
  8 goblins
  6 hobgoblins
  5 jackals
  A quokka (D:3)
  6 frilled lizards
  4 kobolds
  A quokka skeleton (D:5)
  7 rats
156 creatures vanquished.

Notes
Turn   | Place    | Note
-------+----------+-------------------------------------------
     0 | D:1      | PurpleRed the Minotaur Fighter began the quest for the Orb.
     0 | D:1      | Reached XP level 1. HP: 19/19 MP: 0/0
   273 | D:1      | Reached skill level 3 in Axes
   284 | D:1      | Reached XP level 2. HP: 27/27 MP: 1/1
   486 | D:2      | Found a stormy altar of Qazlal.
   499 | D:2      | Found a blossoming altar of Fedhas.
   802 | D:2      | Found a shimmering altar of Xom.
   961 | D:2      | Reached XP level 3. HP: 33/33 MP: 2/2
   964 | D:2      | Reached skill level 4 in Axes
  1086 | D:2      | Found an opulent altar of Gozag.
  1402 | D:3      | Reached XP level 4. HP: 40/40 MP: 3/3
  1523 | D:3      | Reached skill level 5 in Axes
  1590 | D:3      | Found a sacrificial altar of Ru.
  1971 | D:4      | Reached XP level 5. HP: 47/47 MP: 4/4
  2039 | D:4      | Found a stormy altar of Qazlal.
  2090 | D:4      | Reached skill level 5 in Fighting
  2264 | D:4      | Found Zech's General Store.
  2272 | D:4      | Bought a potion of heal wounds for 65 gold pieces
  2356 | D:4      | Found a shadowy altar of Dithmenos.
  2557 | D:5      | Entered Level 5 of the Dungeon
  2561 | D:5      | Reached skill level 6 in Axes
  2565 | D:5      | Reached XP level 6. HP: 44/56 MP: 5/5
  2993 | D:5      | Found a runed door.
  3116 | D:5      | Reached skill level 7 in Axes
  3182 | D:5      | Found a radiant altar of Vehumet.
  3265 | D:5      | Found a glowing silver altar of Zin.
  3381 | D:5      | Noticed Crazy Yiuf
  3386 | D:5      | Killed Crazy Yiuf
  3386 | D:5      | Reached XP level 7. HP: 45/63 MP: 6/6
  3505 | D:6      | Found a hide-covered altar of Uskayaw.
  3535 | D:6      | Reached skill level 8 in Axes
  3785 | D:6      | Reached skill level 9 in Axes
  3933 | D:6      | Reached XP level 8. HP: 73/73 MP: 7/7
  4039 | D:7      | Found a staircase to the Ecumenical Temple.
  4051 | D:7      | Reached skill level 10 in Axes
  4165 | Temple   | Entered the Ecumenical Temple
  4174 | Temple   | Became a worshipper of Makhleb the Destroyer
  4304 | D:7      | Got a bloodstained scale mail
  4320 | D:7      | Identified the +6 scale mail "Fenoga" {-Tele rElec MR+++ Int-3} (You found it on level 7 of the Dungeon)
  4320 | D:7      | Lost intelligence.
  4429 | D:7      | Reached skill level 11 in Axes
  4790 | D:8      | Noticed Prince Ribbit
  4796 | D:8      | HP: 1/75 [orc priest/divine providence (15)]
  4801 | D:8      | Reached XP level 9. HP: 20/82 MP: 8/8
  4840 | D:8      | Killed Prince Ribbit
  4840 | D:8      | Reached skill level 12 in Axes
  4868 | D:8      | Reached * piety under Makhleb
  4908 | D:8      | Noticed Pikel
  4917 | D:8      | Killed Pikel
  5253 | D:9      | Reached skill level 13 in Axes
  5328 | D:9      | Noticed Grum
  5333 | D:9      | Reached skill level 10 in Fighting
  5646 | D:9      | Killed Grum
  5677 | D:9      | Reached XP level 10. HP: 76/94 MP: 9/9
  5822 | D:9      | Slain by a troll

Skill      XL: |  1  2  3  4  5  6  7  8  9 |
---------------+----------------------------+-----
Axes           | 3 4 5 6 7 9 11 13 | 13.8
Fighting       | 4 5 6 7 8 10 | 10.5
Armour         | 4 |  4.9
Shields        | |  3.6

Action                   |  1- 3 |  4- 6 |  7- 9 | 10-12 || total
-------------------------+-------+-------+-------+-------++-------
Melee: War axe           |    71 |    55 |       |       ||   126
       Headbutt          |    11 |    18 |    42 |     4 ||    75
       Battleaxe         |       |    43 |   219 |    16 ||   278
Evoke: Wand              |       |       |     2 |       ||     2
  Use: Scroll            |       |    11 |     8 |       ||    19
       Potion            |       |       |     5 |       ||     5
  Eat: Chunk             |     1 |     6 |     6 |       ||    13
       Meat ration       |       |     1 |       |       ||     1
       Fruit             |       |       |     3 |       ||     3
       Pizza             |       |       |     1 |       ||     1
       Beef jerky        |       |       |     1 |       ||     1
Armor: Scale mail        |    33 |     2 |       |       ||    35
       Chain mail        |       |    64 |   152 |    13 ||   229
Dodge: Dodged            |    15 |    36 |   122 |    18 ||   191
Block: Shield            |    34 |    13 |       |       ||    47
